 Dungeon Crawl Stone Soup version 0.29.1-14-g9c671dbff4 (webtiles) character file.

Game seed: 11266520176111533325

68 tizbic2 the Digger (level 4, -10/39 HPs)
             Began as a Troll Earth Elementalist on Feb 14, 2023.
             Mangled by Crazy Yiuf
             ... wielding a +4 quarterstaff of chaos
              (12 damage)
             ... on level 2 of the Dungeon.
             The game lasted 00:05:13 (1135 turns).

tizbic2 the Digger (Troll Earth Elementalist)       Turns: 1135, Time: 00:05:14

Health: -10/39     AC:  5    Str: 16    XL:     4   Next: 1%
Magic:  11/14      EV: 10    Int: 13    God:
Gold:   96         SH:  0    Dex: 10    Spells: 2/6 levels left

rFire   . . .      SeeInvis .   (no weapon)
rCold   . . .      Faith    .   (no shield)
rNeg    . . .      Spirit   .   h - +1 robe {Archmagi}
rPois   .          Reflect  .   (helmet restricted)
rElec   .          Harm     .   (no cloak)
rCorr   .          Rampage  .   (gloves unavailable)
Will    .....      Archmagi +   (boots unavailable)
Stlth   +.........              (no amulet)
HPRegen 0.93/turn               i - ring of magical power
MPRegen 0.14/turn               l - ring of flight

@: mighty, flying, hasted, very quick
A: large, unfitting armour, claws 3, regeneration 1, shaggy fur 1, tough skin 1
a: no special abilities


You were on level 2 of the Dungeon.
You visited 1 branch of the dungeon, and saw 2 of its levels.

You collected 96 gold pieces.

Inventory:

Armour
 h - a +1 robe of the Archmagi (worn)
Jewellery
 i - a ring of magical power (left claw)
 l - a ring of flight (right claw)
Wands
 d - a wand of mindburst (6)
Scrolls
 j - a scroll of fog {unknown}
 m - 2 scrolls of amnesia {unknown}
Potions
 b - a potion of magic
 c - a potion of heal wounds {unknown}
 e - a potion of berserk rage {unknown}
 g - a potion of might {unknown}
 k - a potion of attraction {unknown}
 n - a potion of mutation {unknown}


   Skills:
 * Level 2.3 Dodging
 - Level 1.0 Stealth
 * Level 1.9 Spellcasting
 + Level 1.2 Transmutations
 + Level 3.0 Earth Magic


You had 2 spell levels left.
You knew the following spells:

 Your Spells              Type           Power      Damage    Failure   Level
a - Sandblast             Erth           26%        2d8       8%          1
b - Stone Arrow           Conj/Erth      14%        3d7       38%         3

Your spell library contained the following spells:

 Spells                   Type           Power      Damage    Failure   Level
 Passwall                 Tmut/Erth      8%         N/A       16%         2
 Petrify                  Tmut/Erth      10%        N/A       71%         4


Dungeon Overview and Level Annotations

Branches:
Dungeon (2/15)

Altars:

Annotations:
D:2 Crazy Yiuf


Innate Abilities, Weirdness & Mutations

You are too large for most types of armour.
You have claws for hands.
Your natural rate of healing is unusually fast.
You are covered in fur. (AC +1)
You have tough skin. (AC +1)


Message History

Confirm with . or Enter, or press ? or * to list all spells.
Aiming: Sandblast (safe; 8% risk of failure)
Press: ? - help, Shift-Dir - straight line, f - Crazy Yiuf
Aim: Crazy Yiuf, wielding a +4 quarterstaff of chaos, wearing a +0 cloak and carrying a wand of roots (8) (84% to hit)
You feel a surge of power!
The blast of sand misses Crazy Yiuf.
Crazy Yiuf hits you with a +4 quarterstaff of chaos.
Crazy Yiuf zaps a wand.
The roots erupt in riotous growth!
The grasping roots grab you!
Crazy Yiuf is unaffected.
The grasping roots constrict you.
Casting: Sandblast (safe; 8% risk of failure)
Confirm with . or Enter, or press ? or * to list all spells.
Aiming: Sandblast (safe; 8% risk of failure)
Press: ? - help, Shift-Dir - straight line, f/p - Crazy Yiuf
Aim: Crazy Yiuf, wielding a +4 quarterstaff of chaos, wearing a +0 cloak and carrying a wand of roots (7) (84% to hit)
You feel a surge of power!
The blast of sand hits Crazy Yiuf.
Crazy Yiuf is lightly wounded.
Crazy Yiuf hits you with a +4 quarterstaff of chaos!
You feel very mighty all of a sudden. The grasping roots constrict you.
Casting: Sandblast (safe; 8% risk of failure)
Confirm with . or Enter, or press ? or * to list all spells.
Aiming: Sandblast (safe; 8% risk of failure)
Press: ? - help, Shift-Dir - straight line, f/p - Crazy Yiuf
Aim: Crazy Yiuf, wielding a +4 quarterstaff of chaos, wearing a +0 cloak and carrying a wand of roots (7) (lightly wounded, 84% to hit)
You feel a surge of power!
The blast of sand hits Crazy Yiuf.
Crazy Yiuf is lightly wounded.
Crazy Yiuf hits you with a +4 quarterstaff of chaos!
* * * LOW HITPOINT WARNING * * *
Crazy Yiuf burns you.
* * * LOW HITPOINT WARNING * * *
The grasping roots constrict you.
* * * LOW HITPOINT WARNING * * *
Crazy Yiuf flaps his cloak.
Crazy Yiuf closely misses you. The grasping roots constrict you.
* * * LOW HITPOINT WARNING * * *
The grasping roots release their grip on you.
You feel yourself speed up.
Crazy Yiuf cries, "Line sing snockshim!"
Crazy Yiuf hits you with a +4 quarterstaff of chaos!
You die...

#.## ##.# ##..#
#..## #.##
########.# ###
###.#...##.#
#...##..#.......#
#...g@####......#
#)..### ##..#.##
### ######


You could see Crazy Yiuf.

Vanquished Creatures
  Jessica (D:2)
  A dart slug (D:1)
  5 bats
  4 endoplasms
  3 giant cockroaches
  3 hobgoblins
  2 jackals (D:1)
  A kobold (D:1)
  2 quokkas (D:1)
  8 ball pythons
  4 frilled lizards
  3 rats (D:1)
37 creatures vanquished.

Notes
Turn   | Place    | Note
-------+----------+-------------------------------------------
     0 | D:1      | tizbic2 the Troll Earth Elementalist began the quest for
                  | the Orb.
     0 | D:1      | Reached XP level 1. HP: 16/16 MP: 1/1
   180 | D:1      | Reached XP level 2. HP: 24/24 MP: 0/3
   463 | D:1      | Reached skill level 1 in Transmutations
   506 | D:1      | Reached XP level 3. HP: 31/31 MP: 4/4
   603 | D:2      | Reached skill level 3 in Earth Magic
   615 | D:2      | Learned a level 3 spell: Stone Arrow
   926 | D:2      | Noticed Jessica
   932 | D:2      | Killed Jessica
  1014 | D:2      | Reached XP level 4. HP: 38/39 MP: 5/5
  1127 | D:2      | Found a runed translucent door.
  1128 | D:2      | Noticed Crazy Yiuf
  1134 | D:2      | HP: 1/39 [constriction (5)]
  1135 | D:2      | Mangled by Crazy Yiuf

Illustrated notes

Levels and vault maps discovered:
D:1:      saegor_arrival_simple_e, layout_loops_ring,
          wander_ebering_terrifying_dragon_lair
D:2:      layout_basic, uniq_crazy_yiuf_cottage, uniq_jessica

Skill      XL: |  1  2  3 |
---------------+----------+-----
Dodging        | 2 |  2.3
Transmutations | 1 |  1.2
Earth Magic    | 3 |  3.0
Stealth        | |  1.0
Spellcasting   | |  1.9

Action                   |  1- 3 |  4- 6 || total
-------------------------+-------+-------++-------
Melee: Unarmed           |    71 |       ||    71
       Punch             |     1 |       ||     1
 Cast: Sandblast         |    13 |     3 ||    16
  Use: Scroll            |     2 |       ||     2
       Potion            |       |     1 ||     1
 Stab: Sleeping          |     2 |       ||     2
Armor: Robe              |    24 |       ||    24
Dodge: Dodged            |    27 |     1 ||    28
